 Dungeon Crawl Stone Soup version 0.25-a0-875-geaba134f46 (webtiles) character file.

Game seed: 11283913757888939398, levelgen mode: classic

117330 Amnesiac the Cryomancer (level 16, -2/82 (83) HPs)
             Began as a Deep Elf Ice Elementalist on May 1, 2020.
             Was the Champion of Vehumet.
             Succumbed to poison (dark miasma)
             ... on level 15 of the Dungeon.
             The game lasted 01:29:42 (25936 turns).

Amnesiac the Cryomancer (DEIE)                     Turns: 25936, Time: 01:29:43

HP:   -2/82 (83)    AC: 22    Str: 11    XL:     16   Next: 23%
MP:   7/42          EV: 11    Int: 34    God:    Vehumet [******]
Gold: 2937          SH:  7    Dex: 12    Spells: 10/55 levels left

rFire    + . .     SeeInvis .   a - staff of cold
rCold    + . .     Gourm    .   F - +2 buckler
rNeg     + . .     Faith    .   N - +7 ring mail "Kexzatue" {rElec rF+ Int+6 Dex-3}
rPois    .         Spirit   +   h - +2 helmet "Giklien" {Regen+ rCorr Slay+3}
rElec    +         Reflect  .   G - +2 cloak
rCorr    +         Harm     .   n - +1 pair of gloves
MR       +....                  X - +1 pair of boots {Stlth+}
Stlth    ++........             e - amulet of guardian spirit
HPRegen  0.00/turn              y - +4 ring of slaying
MPRegen  0.28/turn              U - ring of Hard Scrabble {rElec rN+ Str+6}

@: lethally poisoned (-2 -> -35), no potions, non-regenerating, diseased,
slowed, very slow
A: no striking features
a: Renounce Religion


You were on level 15 of the Dungeon.
You worshipped Vehumet.
Vehumet was exalted by your worship.
You were near starving.

You visited 5 branches of the dungeon, and saw 25 of its levels.
You also visited: Sewer and Gauntlet.

You collected 2937 gold pieces.

Inventory:

Hand Weapons
 b - a +7 vorpal fustibalus
 i - the +4 double sword "Vumuread" {flame, Str+5}
   (You took it off an orc warlord on level 14 of the Dungeon)

   It has been specially enchanted to burn those struck by it, causing extra
   injury to most foes and up to half again as much damage against particularly
   susceptible opponents.
   Big, fiery blades are also staple armaments of hydra-hunters.
   It affects your strength (+5).
Missiles
 j - 489 stones (quivered)
 B - 87 sling bullets
 M - 12 curare-tipped darts
Armour
 h - the +2 helmet "Giklien" (worn) {Regen+ rCorr Slay+3}
   (You found it on level 14 of the Dungeon)

   It affects your accuracy and damage with ranged weapons and melee attacks
   (+3).
   It increases your rate of regeneration.
   It provides partial protection from all sources of acid and corrosion.
 n - a +1 pair of gloves (worn)
 F - a +2 buckler (worn)
 G - a +2 cloak (worn)
 N - the +7 ring mail "Kexzatue" (worn) {rElec rF+ Int+6 Dex-3}
   (You took it off a minotaur in a Gauntlet)

   It affects your intelligence (+6).
   It affects your dexterity (-3).
   It protects you from fire.
   It insulates you from electricity.
 X - a +1 pair of boots of stealth (worn)
Magical Staves
 a - an uncursed staff of cold (weapon)
Jewellery
 e - an amulet of guardian spirit (around neck)
 u - an uncursed ring of flight
 y - a +4 ring of slaying (left hand)
 O - an uncursed ring of teleportation
 T - the ring "Qinu" {+Blink rF+ rN+ Int+4 Dex-4}
   (You found it on level 9 of the Dungeon)

   [ring of positive energy]

   It affects your intelligence (+4).
   It affects your dexterity (-4).
   It protects you from fire.
   It protects you from negative energy.
   It lets you blink.
 U - the ring of Hard Scrabble (right hand) {rElec rN+ Str+6}
   (You found it on level 12 of the Dungeon)

   [ring of positive energy]

   It affects your strength (+6).
   It insulates you from electricity.
   It protects you from negative energy.
 W - an uncursed ring of poison resistance
Wands
 H - a wand of digging (9)
 K - a wand of iceblast (16)
Scrolls
 d - 4 scrolls of identify {!r}
 g - 6 scrolls of remove curse {!r}
 l - 4 scrolls of amnesia {!r}
 r - 7 scrolls of fog {!r}
 t - 8 scrolls of teleportation {!r}
 v - a scroll of acquirement {!r, unknown}
 A - 3 scrolls of magic mapping {!r}
 D - a scroll of summoning {!r}
 Z - a scroll of fear {!r}
Potions
 f - 15 potions of curing {!q}
 m - 2 potions of resistance {!q}
 o - 4 potions of haste {!q}
 p - 14 potions of heal wounds {!q}
 q - 7 potions of brilliance {!q}
 w - 8 potions of flight {!q}
 z - 3 potions of might {!q}
 C - 3 potions of cancellation {!q}
 L - a potion of invisibility {!q}
 S - 3 potions of mutation {!q}
Miscellaneous
 I - a phantom mirror
 Q - a phial of floods (inert)
 R - 2 boxes of beasts
 Y - a lightning rod (4/4)
Comestibles
 c - 40 rations


   Skills:
 - Level 3.0 Fighting
 + Level 8.7 Staves
 - Level 3.0 Dodging
 - Level 3.0 Stealth
 - Level 4.0 Shields
 - Level 20.0 Spellcasting
 - Level 22.0 Ice Magic
 - Level 3.0 Evocations


You had 10 spell levels left.
You knew the following spells:

 Your Spells              Type           Power        Failure   Level  Hunger
a - Ozocubu's Refrigerat  Ice            ########..   1%          6    None
b - Frozen Ramparts       Ice            ######       0%          3    None
c - Summon Ice Beast      Ice/Summ       ########     1%          4    None
d - Hailstorm             Conj/Ice       ########     1%          4    None
e - Metabolic Englaciati  Hex/Ice        ########..   1%          5    None
f - Freezing Cloud        Conj/Ice/Air   #######...   5%          6    None
g - Ice Form              Ice/Tmut       ########     1%          4    None
h - Freeze                Ice            ####         0%          1    None
i - Irradiate             Conj/Tmut      ####......   17%         5    None
s - Fulminant Prism       Conj/Hex       ####......   6%          4    None
z - Ozocubu's Armour      Chrm/Ice       ########     1%          3    None

Your spell library contained the following spells:

 Spells                   Type           Power        Failure   Level  Hunger
 Ignition                 Fire           ####......   100%        8    ####...
 Foxfire                  Conj/Fire      ####         1%          1    None
 Shock                    Conj/Air       ####         1%          1    None
 Conjure Flame            Conj/Fire      ####....     1%          3    None
 Inner Flame              Hex/Fire       ####....     1%          3    None
 Mephitic Cloud           Conj/Pois/Air  ####....     1%          3    None
 Static Discharge         Conj/Air       ####....     1%          3    None
 Beastly Appendage        Tmut           ####..       2%          1    None
 Corona                   Hex            ####...      2%          1    None
 Infusion                 Chrm           ####         2%          1    None
 Poisonous Vapours        Pois/Air       ####..       3%          2    None
 Shroud of Golubria       Chrm/Tloc      ####..       3%          2    None
 Slow                     Hex            ####....     3%          2    None
 Song of Slaying          Chrm           ####....     3%          2    None
 Swiftness                Chrm/Air       ####....     3%          2    None
 Simulacrum               Ice/Necr       ########..   3%          6    None
 Airstrike                Air            ####......   6%          4    None
 Sticky Flame             Conj/Fire      ####....     6%          4    None
 Confusing Touch          Hex            ####....     7%          3    None
 Gell's Gravitas          Tloc           ####......   7%          3    None
 Portal Projectile        Hex/Tloc       ####..       7%          3    None
 Spectral Weapon          Hex/Chrm       ####....     7%          3    None
 Bolt of Magma            Conj/Fire/Erth ####......   17%         5    None
 Fireball                 Conj/Fire      ####......   17%         5    None
 Iskenderun's Battlesphe  Conj/Chrm      ####....     17%         5    None
 Lightning Bolt           Conj/Air       ####......   17%         5    None
 Yara's Violent Unravell  Hex/Tmut       ####......   17%         5    None
 Cause Fear               Hex            ####......   22%         4    None
 Leda's Liquefaction      Hex/Erth       ####......   22%         4    None
 Petrify                  Tmut/Erth      ####....     22%         4    None
 Silence                  Hex/Air        ####......   54%         5    None
 Iron Shot                Conj/Erth      ####......   63%         6    None
 Hydra Form               Tmut           ####......   98%         6    None
 Statue Form              Tmut/Erth      ####.....    98%         6    None
 Orb of Destruction       Conj           ####......   98%         7    #......
 Spellforged Servitor     Conj/Summ      ####......   98%         7    #......
 Dragon Form              Tmut           ####......   100%        7    #......
 Ring of Flames           Chrm/Fire      ####......   100%        7    #......
 Discord                  Hex            ####......   100%        8    ####...


Dungeon Overview and Level Annotations

Branches:
Dungeon (15/15)            Temple (1/1) D:6            Lair (6/6) D:11
  Swamp (0/4) Lair:4        Snake (0/4) Lair:3        Slime (0/5) Lair:5
    Orc (2/2) D:11            Elf (1/3) Orc:2        Vaults (0/5) D:13
  Sewer (visited)         Gauntlet (visited)
 Depths: D:15

Altars:
Ashenzari
Cheibriados
Dithmenos
Elyvilon
Fedhas
Gozag
Hepliaklqana
Kikubaaqudgha
Makhleb
Nemelex Xobeh
Okawaru
Qazlal
Ru
Sif Muna
Trog
Uskayaw
Vehumet
Wu Jian
Xom
Yredelemnul
Zin
The Shining One
Beogh
Jiyva
Lugonu

Shops:
D:5 (   D:13 :   Orc:2 ![(%

Portals:
Trove: D:14 (give +3 shadow dragon scales)


Message History

The rime drake is heavily wounded.
The death drake is almost dead.
The death drake breathes miasma at you. The foul vapour engulfs you!
You are poisoned.
You feel yourself slow down.
Okay, then.
Casting: Ozocubu's Refrigeration (safe; 1% risk of failure)
Confirm with . or Enter, or press ? or * to list all spells.
Okay, then.
Okay, then.
Search for what [Enter for "d:7", or ? for help]? blink Unknown command.
You are engulfed in dark miasma.
You are more poisoned.
You feel as though you will be slow longer.
You feel very sick. The death drake bites you.
Casting: Ozocubu's Refrigeration (safe; 1% risk of failure)
Confirm with . or Enter, or press ? or * to list all spells.
You feel a surge of power!
The heat is drained from your surroundings.
You resist.
You feel very cold.
The rime drake and the death drake are frozen.
The rime drake resists.
The rime drake is almost dead.
You kill the death drake!
Vehumet accepts your kill.
You feel your power returning.
You are engulfed in dark miasma.
You are more poisoned.
You feel your flesh rotting away!
You feel ill.
* * * LOW HITPOINT WARNING * * *
You feel extremely sick.
The rime drake changes into a water moccasin!
Unknown command.
Unknown command.
* * * LOW HITPOINT WARNING * * *
You feel extremely sick.
* * * LOW HITPOINT WARNING * * *
You feel very sick.
Casting: Ozocubu's Refrigeration (safe; 1% risk of failure)
Confirm with . or Enter, or press ? or * to list all spells.
You feel a surge of power!
The heat is drained from your surroundings.
You resist.
You feel very cold.
The water moccasin is frozen.
You kill the water moccasin!
Vehumet accepts your kill.
* * * LOW HITPOINT WARNING * * *
You feel very sick.
You cannot drink potions in your current state!
* * * LOW HITPOINT WARNING * * *
You feel very sick.
* * * LOW HITPOINT WARNING * * *
You feel very sick.
Okay, then.
* * * LOW HITPOINT WARNING * * *
You feel very sick.
You cannot drink potions in your current state!
You are near starving!
* * * LOW HITPOINT WARNING * * *
You feel very sick.
You cannot drink potions in your current state!
You cannot drink potions in your current state!
You die...

........... ......#
..<.......# ......# .
..........##......##..
. ....................
.. ..........# ....#
..?
......†...#####...##...
..........≈≈...........
..........#####...####
..........# ##@##
..........## ##.##
...........# ##...##
...........# #.....#
...........# #..†..#
...........####...##
............# ##.##
..........#.###.†#
#.#######.#.#..†##


There were no monsters in sight!

Vanquished Creatures
  Jorgrun (D:12)
  Frances (D:12)
  Gastronok (Lair:3)
  An orc warlord (D:14)
  An angel (D:14)
  A minotaur (Gauntlet)
  Azrael (D:14)
  A dire elephant (Lair:5)
  Josephine (D:11)
  The ghost of Ringe the Cleaver, a journeyman VSBe of Trog (D:14)
  2 ettins (D:13)
  A great orb of eyes (D:13)
  Fannar (Lair:2)
  8 hydras
  3 vault guards (D:13)
  3 centaur warriors
  8 two-headed ogres
  A tengu warrior (D:10)
  3 orc high priests (Orc:2)
  A death drake (shapeshifter) (D:15)
  3 unseen horrors
  9 orc knights
  4 deep elf magi
  5 orc sorcerers
  15 ugly things
  4 manticores
  A wizard (D:14)
  2 oklob plants (Lair:2)
  16 elephants (Lair:5)
  3 cyclopes
  An ice statue (D:15)
  Psyche (D:12)
  5 black mambas
  A gargoyle (D:13)
  A spiny frog (shapeshifter) (D:15)
  14 spiny frogs
  9 komodo dragons
  A redback zombie (D:15)
  3 rime drakes
  2 efreet
  2 freezing wraiths
  3 meliai (Gauntlet)
  7 polar bears
  3 trolls
  5 hornets (Lair:6)
  A blink frog (shapeshifter) (D:15)
  A harpy skeleton (D:14)
  4 blink frogs (Lair:3)
  2 dream sheep (Lair:6)
  Grinder (D:3)
  14 hippogriffs
  28 slime creatures
  A meliai zombie (D:13)
  6 flying skulls (Gauntlet)
  Sigmund (D:3)
  5 wraiths
  14 spriggans
  2 shadows
  2 wyverns
  Eustachio (D:6)
  A human (shapeshifter) (D:13)
  39 yaks
  2 fire elementals
  2 hungry ghosts (D:12)
  8 humans (D:13)
  A basilisk (Lair:4)
  5 steam dragons
  2 vampire mosquitoes (D:14)
  4 wargs
  3 swamp worms (Gauntlet)
  2 acid dragons (D:13)
  A water moccasin (shapeshifter) (D:15)
  12 water moccasins
  6 porcupines
  4 hell hounds (D:14)
  34 orc warriors
  5 ice beasts
  3 black bears
  2 hornet zombies
  A swamp drake (D:11)
  A necrophage (D:9)
  5 phantoms
  5 sky beasts
  7 boggarts
  3 eyes of draining
  8 ogres
  34 wolves
  13 centaurs
  16 crocodiles
  27 bullfrogs
  5 big kobolds
  A wyvern zombie (D:14)
  5 scorpions
  2 wyvern skeletons
  13 killer bees
  3 wights (D:7)
  2 nameless horrors
  4 electric eels
  10 howler monkeys
  4 centaur zombies
  6 crimson imps
  4 jellies
  A quasit (D:11)
  2 bullfrog zombies
  4 centaur skeletons
  A gnoll shaman (D:5)
  12 hounds
  19 orc priests
  2 bullfrog skeletons
  Terence (D:3)
  3 iguanas
  21 orc wizards
  11 worker ants
  A hound zombie (D:6)
  2 worker ant zombies
  A howler monkey skeleton (D:5)
  10 gnolls
  20 adders
  A river rat (D:6)
  3 shadow imps
  A white imp (D:15)
  An adder skeleton (D:4)
  2 worms
  3 dart slugs
  2 leopard geckos
  97 orcs
  4 ball pythons (Sewer)
  9 giant cockroaches
  3 hobgoblins
  5 jackals
  35 kobolds
  4 quokkas
  11 bats
  5 frilled lizards
  7 goblins
  A jackal skeleton (D:8)
  A quokka skeleton (D:5)
  A quokka zombie (D:5)
  11 rats
  37 fungi
  17 plants
931 creatures vanquished.

Vanquished Creatures (collateral kills)
  A dancing weapon (Elf:1)
  2 ice beasts
  A phantom (D:5)
  2 bullfrogs (D:9)
  2 wights (D:7)
  2 centaur zombies
  2 hounds (D:9)
  An orc wizard (D:9)
  An iguana (D:9)
  A killer bee zombie (D:9)
  A hound skeleton (D:9)
  A shadow imp (D:8)
17 creatures vanquished.

Vanquished Creatures (others)
  2 deep elf magi (Elf:1)
  A human (D:13)
  An orc priest (Orc:2)
  4 fulminant prisms (D:9)
  9 fungi
  A withered plant (Gauntlet)
18 creatures vanquished.

Grand Total: 966 creatures vanquished

Notes
Turn   | Place    | Note
-------+----------+-------------------------------------------
     0 | D:1      | Amnesiac the Deep Elf Ice Elementalist began the quest for
                  | the Orb.
     0 | D:1      | Reached XP level 1. HP: 10/10 MP: 6/6
    87 | D:2      | Found a stormy altar of Qazlal.
   202 | D:3      | Reached XP level 2. HP: 15/15 MP: 2/8
   204 | D:3      | Noticed Terence
   311 | D:4      | Reached skill level 5 in Ice Magic
   380 | D:4      | Reached XP level 3. HP: 12/19 MP: 3/10
   385 | D:4      | Learned a level 3 spell: Frozen Ramparts
   418 | D:4      | Learned a level 3 spell: Ozocubu's Armour
   440 | D:5      | Entered Level 5 of the Dungeon
   490 | D:4      | Reached XP level 4. HP: 9/24 MP: 6/12
   496 | D:4      | Learned a level 4 spell: Summon Ice Beast
   671 | D:4      | Reached skill level 6 in Ice Magic
   671 | D:4      | Reached XP level 5. HP: 13/28 MP: 9/14
   879 | D:4      | Reached skill level 5 in Spellcasting
  1009 | D:4      | Got a smoking dagger
  1010 | D:4      | Lost strength.
  1010 | D:4      | Identified the +4 dagger "Filuud" {pain, rPois rN+ Str-5
                  | Dex+3} (You found it on level 4 of the Dungeon)
  1191 | D:4      | Reached skill level 7 in Ice Magic
  1213 | D:4      | Found a sparkling altar of Nemelex Xobeh.
  1226 | D:4      | Noticed a nameless horror
  1231 | D:4      | Killed a nameless horror
  1236 | D:4      | Reached XP level 6. HP: 3/32 MP: 1/16
  1734 | D:5      | Reached skill level 8 in Ice Magic
  1734 | D:5      | Reached XP level 7. HP: 36/36 MP: 14/18
  1933 | D:5      | Found a glowing golden altar of the Shining One.
  2027 | D:5      | Found Zebrac's Antique Weapon Shop.
  2072 | D:5      | Got an encrusted ring mail
  2323 | D:5      | Reached skill level 9 in Ice Magic
  2499 | D:6      | Reached XP level 8. HP: 33/41 MP: 17/21
  2527 | D:6      | HP: 2/41 [poisoned by a scorpion]
  2535 | D:6      | HP: 1/41 [poisoned by a scorpion]
  2578 | D:6      | Noticed Eustachio
  2681 | D:6      | Killed Eustachio
  2729 | D:6      | Found a glowing drain.
  2739 | Sewer    | Entered a sewer
  2784 | Sewer    | Learned a level 4 spell: Hailstorm
  2952 | Sewer    | Identified the +5 ring mail of Classification {*Slow +Blink
                  | rPois Dex+6} (You found it on level 5 of the Dungeon)
  3010 | Sewer    | Reached skill level 10 in Ice Magic
  3161 | D:6      | Found a staircase to the Ecumenical Temple.
  3170 | Temple   | Entered the Ecumenical Temple
  3203 | Temple   | Became a worshipper of Vehumet
  3330 | D:3      | Killed Terence
  4128 | D:2      | Reached * piety under Vehumet
  4128 | D:2      | Offered knowledge of Magic Dart by Vehumet.
  4539 | D:3      | Learned a level 1 spell: Magic Dart
  4643 | D:3      | Found a hazy altar of Hepliaklqana.
  4850 | D:3      | Noticed Sigmund
  4860 | D:3      | Killed Sigmund
  5008 | D:3      | Noticed Grinder
  5195 | D:3      | Killed Grinder
  5195 | D:3      | Reached skill level 11 in Ice Magic
  5195 | D:3      | Reached skill level 1 in Evocations
  5276 | D:3      | Found a burning altar of Makhleb.
  5606 | D:6      | Reached XP level 9. HP: 45/45 MP: 19/24
  5656 | D:6      | Found an ancient bone altar of Kikubaaqudgha.
  5672 | D:6      | Found a hide-covered altar of Uskayaw.
  5676 | D:6      | Found an opulent altar of Gozag.
  5783 | D:6      | Learned a level 5 spell: Metabolic Englaciation
  5849 | D:6      | Found an iron altar of Okawaru.
  5849 | D:6      | Found a snail-covered altar of Cheibriados.
  6121 | D:7      | Found a shattered altar of Ashenzari.
  6390 | D:7      | Reached ** piety under Vehumet
  6392 | D:7      | Offered knowledge of Searing Ray by Vehumet.
  6396 | D:7      | Learned a level 2 spell: Searing Ray
  6492 | D:7      | Reached skill level 10 in Spellcasting
  6643 | D:7      | Reached skill level 12 in Ice Magic
  7211 | D:8      | Reached skill level 1 in Fighting
  7781 | D:8      | Offered knowledge of Static Discharge by Vehumet.
  7818 | D:8      | Reached XP level 10. HP: 28/53 MP: 26/26
  7849 | D:8      | Reached *** piety under Vehumet
  7919 | D:8      | Noticed a two-headed ogre
  7960 | D:8      | Killed a two-headed ogre
  8134 | D:8      | Reached skill level 13 in Ice Magic
  9151 | D:9      | Found a shimmering altar of Xom.
  9189 | D:9      | Offered knowledge of Fulminant Prism by Vehumet.
  9412 | D:9      | Found a glowing silver altar of Zin.
  9484 | D:9      | Found a sacrificial altar of Ru.
  9489 | D:9      | Reached **** piety under Vehumet
  9490 | D:9      | Reached skill level 14 in Ice Magic
  9535 | D:9      | Identified the Grimoire of Shifting Battle Magic
  9541 | D:9      | Got a flickering bronze ring
  9545 | D:9      | Identified the ring "Qinu" {+Blink rF+ rN+ Int+4 Dex-4}
                  | (You found it on level 9 of the Dungeon)
  9597 | D:9      | Noticed a two-headed ogre
  9615 | D:9      | Learned a level 4 spell: Ice Form
  9620 | D:9      | Learned a level 4 spell: Fulminant Prism
  9719 | D:9      | Killed a two-headed ogre
  9719 | D:9      | Offered knowledge of Inner Flame by Vehumet.
  9719 | D:9      | Reached XP level 11. HP: 11/60 MP: 2/29
  9810 | D:9      | Noticed a two-headed ogre
  9827 | D:9      | Killed a two-headed ogre
 11079 | D:9      | Found a basalt altar of Yredelemnul.
 11368 | D:10     | Entered Level 10 of the Dungeon
 11480 | D:10     | Noticed a cyan ugly thing
 11480 | D:10     | Noticed a two-headed ogre
 11679 | D:10     | Reached skill level 15 in Ice Magic
 11703 | D:10     | Noticed a tengu warrior
 11710 | D:10     | Killed a tengu warrior
 12490 | D:10     | Reached ***** piety under Vehumet
 12843 | D:10     | Killed a two-headed ogre
 12844 | D:10     | Offered knowledge of Ozocubu's Refrigeration by Vehumet.
 12863 | D:10     | Learned a level 6 spell: Ozocubu's Refrigeration
 12920 | D:10     | Killed a cyan ugly thing
 13376 | D:11     | Found a staircase to the Lair.
 13547 | D:11     | Noticed Josephine
 13550 | D:11     | Reached skill level 16 in Ice Magic
 13550 | D:11     | Killed Josephine
 13631 | D:11     | Found a staircase to the Orcish Mines.
 13645 | D:11     | Reached XP level 12. HP: 63/64 MP: 13/31
 13719 | Orc:1    | Entered Level 1 of the Orcish Mines
 13807 | Orc:2    | Entered Level 2 of the Orcish Mines
 13855 | Orc:2    | Found a staircase to the Elven Halls.
 14149 | Orc:2    | Found a roughly hewn altar of Beogh.
 14446 | Orc:2    | Offered knowledge of Spellforged Servitor by Vehumet.
 14516 | Orc:2    | Reached skill level 17 in Ice Magic
 14740 | Orc:2    | Noticed an orc high priest
 14744 | Orc:2    | Killed an orc high priest
 14767 | Orc:2    | Noticed an orc high priest
 14767 | Orc:2    | Noticed an orc high priest
 14770 | Orc:2    | Killed an orc high priest
 14770 | Orc:2    | Killed an orc high priest
 14770 | Orc:2    | Reached skill level 15 in Spellcasting
 14825 | Orc:2    | Found Tyxkuin's Distillery.
 14825 | Orc:2    | Found Okeoron's Antique Armour Shop.
 14827 | Orc:2    | Found Qolal's Food Shop.
 14827 | Orc:2    | Found Huseheaf's Antique Weapon Emporium.
 15186 | Orc:1    | Noticed a two-headed ogre
 15196 | Orc:1    | Killed a two-headed ogre
 15196 | Orc:1    | Reached skill level 18 in Ice Magic
 15223 | Orc:1    | Found a bloodstained altar of Trog.
 15536 | Elf:1    | Entered Level 1 of the Elven Halls
 15693 | Elf:1    | Noticed a deep elf high priest
 15700 | Elf:1    | Reached XP level 13. HP: 23/68 MP: 8/34
 15901 | Lair:1   | Entered Level 1 of the Lair of Beasts
 16620 | Lair:2   | Noticed Fannar
 16642 | Lair:1   | Learned a level 5 spell: Irradiate
 16674 | Lair:2   | Killed Fannar
 16787 | Lair:2   | Got a faintly glowing dagger
 16884 | Lair:2   | Found a white marble altar of Elyvilon.
 17347 | Lair:2   | Reached skill level 1 in Staves
 17731 | Lair:3   | Found a staircase to the Snake Pit.
 17872 | Lair:3   | Reached skill level 19 in Ice Magic
 17876 | Lair:3   | Offered knowledge of Freezing Cloud by Vehumet.
 17974 | Lair:3   | Learned a level 6 spell: Freezing Cloud
 18262 | Lair:3   | Noticed Gastronok
 18266 | Lair:3   | Killed Gastronok
 18826 | Lair:4   | Found a staircase to the Swamp.
 19606 | Lair:5   | Found a staircase to the Slime Pits.
 19607 | Lair:5   | Reached XP level 14. HP: 72/74 MP: 32/37
 19608 | Lair:5   | Found a viscous altar of Jiyva.
 19652 | Lair:5   | Got a spiked ring mail
 19689 | Lair:5   | Offered knowledge of Conjure Ball Lightning by Vehumet.
 19691 | Lair:5   | Reached skill level 20 in Ice Magic
 19791 | Lair:5   | Identified the +2 ring mail of Hedging {rPois Str+4 Int-3}
                  | (You found it on level 5 of the Lair of Beasts)
 19906 | Lair:5   | Found a basalt altar of Yredelemnul.
 20248 | Lair:6   | Entered Level 6 of the Lair of Beasts
 20348 | Lair:6   | Identified the +3 dagger of Piplax {vorpal, rPois rN+
                  | Dex+3} (You found it on level 2 of the Lair of Beasts)
 21464 | Lair:6   | Offered knowledge of Starburst by Vehumet.
 21475 | Lair:6   | Reached skill level 21 in Ice Magic
 22104 | D:12     | Got a warped marble ring
 22106 | D:12     | Identified the ring of Hard Scrabble {rElec rN+ Str+6} (You
                  | found it on level 12 of the Dungeon)
 22119 | D:12     | Noticed Jorgrun
 22121 | D:12     | Killed Jorgrun
 22121 | D:12     | Reached skill level 1 in Shields
 22156 | D:12     | Reached XP level 15. HP: 40/78 MP: 10/39
 22157 | D:12     | Found a gate leading to a gauntlet.
 22175 | Gauntlet | Entered a Gauntlet
 22175 | Gauntlet | Found a transporter.
 22175 | Gauntlet | Found a transporter.
 22288 | Gauntlet | Found a transporter.
 22300 | Gauntlet | Found a transporter.
 22318 | Gauntlet | Found a transporter.
 22318 | Gauntlet | Found a transporter.
 22320 | Gauntlet | Found a transporter.
 22320 | Gauntlet | Found a transporter.
 22322 | Gauntlet | Found a transporter.
 22336 | Gauntlet | Found a transporter.
 22347 | Gauntlet | Found a transporter.
 22357 | Gauntlet | Found a transporter.
 22371 | Gauntlet | Found a transporter.
 22391 | Gauntlet | Found a transporter.
 22599 | Gauntlet | Identified the +7 ring mail "Kexzatue" {rElec rF+ Int+6
                  | Dex-3}
 22651 | Gauntlet | Identified the +5 scale mail "Afeg" {rN+ Int+7} (You found
                  | it in a Gauntlet)
 22917 | D:12     | Offered knowledge of Lee's Rapid Deconstruction by Vehumet.
 22977 | D:12     | Noticed Frances
 22981 | D:12     | Killed Frances
 23051 | D:12     | Noticed Psyche
 23052 | D:12     | Killed Psyche
 23644 | D:13     | Found Laxuteiz's Book Emporium.
 24194 | D:13     | Reached skill level 22 in Ice Magic
 24199 | D:13     | Found a gate to the Vaults.
 24400 | D:14     | Found a glowing silver altar of Zin.
 24422 | D:14     | Noticed Azrael
 24424 | D:14     | Killed Azrael
 24427 | D:14     | Reached ****** piety under Vehumet
 24427 | D:14     | Offered knowledge of Ignition by Vehumet.
 24517 | D:14     | Found a bloodstained altar of Trog.
 24761 | D:14     | Reached skill level 5 in Staves
 24872 | D:14     | Found a portal to a secret trove of treasure.
 25067 | D:14     | Found a runed translucent gate.
 25070 | D:14     | Noticed Ringe's ghost (journeyman VSBe)
 25085 | D:14     | Found a runed translucent gate.
 25085 | D:14     | Found a runed translucent gate.
 25090 | D:14     | Identified the +4 double sword "Vumuread" {flame, Str+5}
 25090 | D:14     | Identified the +8 plate armour "Lioti" {rElec rPois rN+++
                  | Str-3}
 25090 | D:14     | Identified the +0 tower shield "Fiut" {Dex+4}
 25090 | D:14     | Noticed an orc warlord
 25091 | D:14     | Found a roughly hewn altar of Beogh.
 25112 | D:14     | Killed an orc warlord
 25112 | D:14     | Reached XP level 16. HP: 78/83 MP: 37/42
 25112 | D:14     | Killed Ringe's ghost
 25131 | D:14     | Got a faintly glowing helmet
 25142 | D:14     | Identified the +2 helmet "Giklien" {Regen+ rCorr Slay+3}
                  | (You found it on level 14 of the Dungeon)
 25426 | D:15     | Entered Level 15 of the Dungeon
 25934 | D:15     | HP: 4/82 [poison (dark miasma)]
 25935 | D:15     | HP: 1/82 [poison (dark miasma)]
 25936 | D:15     | Succumbed to poison (dark miasma)

Levels and vault maps discovered:
D:1:      ncdulo_smallfort, layout_loops_ring
D:2:      layout_loops_cross, old_standard_altar, first_ration
D:3:      layout_basic, overflow_temple_1_default,
          lemuel_coloured_pillars_altar, hangedman_feature_mirror, st_stairs_8,
          uniq_sigmund, uniq_terence, uniq_grinder
D:4:      kennysheep_spiral_hall, layout_rooms,
          nemelex_xobeh_ov_fountains_minmay
D:5:      minmay_angry_zag, layout_basic, tso_metal_star, serial_shops, shop
D:6:      layout_basic, grunt_temple_overflow_open,
          gammafunk_temple_overflow_statue, minmay_temple_entry_antechambers,
          gup_sewer_entry_bubbles, uniq_eustachio
D:7:      layout_loops_ring, kennysheep_little_box, corner_web_ring
D:8:      cheibrodos_steamvent, layout_basic
D:9:      minmay_the_grid_octo_tiled_squarecenter
          [minmay_the_grid_octo_concentric, minmay_the_grid_octo_toaster,
          minmay_the_grid_octo_vomiting_pacman,
          minmay_the_grid_octo_tetromino_candy,
          minmay_the_grid_square_5x5_megaprize_diamond,
          minmay_the_grid_square_5x5_percent,
          minmay_the_grid_square_5x5_two_walls_a,
          minmay_the_grid_square_5x5_doubleslash,
          minmay_the_grid_square_5x5_pentomino_r], layout_basic,
          kennysheep_mini_moat, nicolae_overflow_crystal_walls,
          overflow_temple_1_default
D:10:     layout_layer_cave, grunt_tengu_nest
D:11:     layout_rooms, david_lair_generic, erik_orc_1, uniq_josephine
D:12:     layout_basic, gauntlet_entry_generic, uniq_jorgrun, uniq_psyche,
          uniq_frances
D:13:     minmay_outward_triangles, layout_loops_cross,
          ximxim_vaults_locker_room, serial_shops, shop, solitary_fountain
D:14:     layout_irregular_city, zin_angel, biasface_ghost_orc_armoury,
          enter_trove_6, minmay_misc_feat_x, trog_wizard, uniq_azrael
D:15:     gammafunk_enter_depths_forms, layout_basic, eino_curves_03,
          ice2_lemuel
Temple:   corrupted_temple
Lair:1:   layout_roguey
Lair:2:   layout_cave_pods, basic_altar, minmay_lair_oklob_chamber,
          serial_bayou_shore_b, infiniplex_staircase_pool_2, grunt_megastairs_4,
          uniq_fannar
Lair:3:   layout_chaotic_city, dummy_snake_entry, uniq_gastronok
Lair:4:   layout_cellular_growth, swamp_mist
Lair:5:   mu_elephants_graveyard, layout_regular_city, slime_altar_1,
          basic_altar
Lair:6:   minmay_lair_end_enchanted_forest, layout_cave_pods
Orc:1:    layout_diamond_mine, basic_altar
Orc:2:    grunt_orc_tribal_feast, layout_diamond_mine, mines2_david
Elf:1:    layout_loops_ring, minmay_elf_demonology, due_unseen_surprise

Skill      XL: |  1  2  3  4  5  6  7  8  9 10 11 12 13 14 15 16 |
---------------+-------------------------------------------------+-----
Ice Magic      | 5 6 7 8 9 11 12 14 16 18 19 21 22 | 22.0
Spellcasting   | 4 5 6 7 9 10 12 13 15 17 18 20 | 20.0
Stealth        | 3 |  3.0
Evocations     | 1 3 |  3.0
Dodging        | 3 |  3.0
Fighting       | 2 3 |  3.0
Staves         | 3 4 6 8 |  8.7
Shields        | 1 4 |  4.0

Action                   |  1- 3 |  4- 6 |  7- 9 | 10-12 | 13-15 | 16-18 || total
-------------------------+-------+-------+-------+-------+-------+-------++-------
Melee: Trident           |     7 |    30 |   203 |       |       |       ||   240
       Long sword        |       |       |    39 |    49 |       |       ||    88
       Dagger            |       |       |       |    11 |       |       ||    11
       Staff             |       |       |       |     2 |   416 |   126 ||   544
       Unarmed           |       |       |       |       |    17 |    13 ||    30
 Fire: Fustibalus        |       |       |       |   271 |    44 |       ||   315
 Cast: Freeze            |    22 |    20 |    63 |    47 |       |       ||   152
       Frozen Ramparts   |     1 |     9 |    46 |    69 |    67 |     4 ||   196
       Ozocubu's Armour  |     1 |     2 |     3 |     9 |       |       ||    15
       Summon Ice Beast  |       |       |    13 |     8 |       |       ||    21
       Fulminant Prism   |       |       |       |     4 |       |       ||     4
       Ozocubu's Refrige |       |       |       |    52 |   149 |    18 ||   219
       Irradiate         |       |       |       |       |    11 |     3 ||    14
       Ice Form          |       |       |       |       |     1 |     1 ||     2
Evoke: Wand              |       |       |    42 |     3 |     5 |     1 ||    51
       Phial of floods   |       |       |       |       |     1 |     1 ||     2
  Use: Scroll            |     1 |       |     8 |    17 |    12 |       ||    38
       Potion            |       |       |       |       |     1 |       ||     1
 Stab: Sleeping          |       |     1 |    10 |       |     6 |     1 ||    18
       Paralysed         |       |       |       |     1 |       |       ||     1
  Eat: Chunk             |       |     3 |    20 |    25 |    38 |     1 ||    87
       Ration            |       |       |       |     2 |       |       ||     2
Armor: Robe              |     4 |    11 |    59 |    63 |    96 |       ||   233
       Skin              |       |       |       |       |    12 |     9 ||    21
       Ring mail         |       |       |       |       |   118 |    48 ||   166
Dodge: Dodged            |    15 |    33 |   176 |   186 |   319 |    55 ||   784
Block: Buckler           |       |       |       |       |    59 |    26 ||    85
       Rpst.: Long sword |       |       |    14 |    27 |       |       ||    41

Table legend:
 A = Non-vault XP
 B = Vault XP
 C = Vault XP percentage of total XP
 D = Non-vault monster count
 E = Vault monster count
 F = Vault count percentage of total count
                 A         B        C        D         E       F
            +---------+---------+-------+---------+---------+-------
      Total |   94325 |   73290 |  43.7 |     619 |     274 |  30.7
            +---------+---------+-------+---------+---------+-------
        D:1 |      38 |       0 |   0.0 |      24 |       0 |   0.0
        D:2 |      92 |       0 |   0.0 |      15 |       0 |   0.0
        D:3 |     128 |     526 |  80.4 |      21 |       6 |  22.2
        D:4 |     390 |      16 |   3.9 |      14 |       2 |  12.5
        D:5 |     806 |      87 |   9.7 |      20 |       3 |  13.0
        D:6 |     619 |     225 |  26.7 |      13 |       7 |  35.0
        D:7 |    1335 |       0 |   0.0 |      25 |       0 |   0.0
        D:8 |    2848 |     551 |  16.2 |      42 |       3 |   6.7
        D:9 |    3378 |    2186 |  39.3 |      35 |      21 |  37.5
       D:10 |    3007 |     878 |  22.6 |      35 |       1 |   2.8
       D:11 |    1443 |    3173 |  68.7 |      16 |      26 |  61.9
       D:12 |    8170 |    5856 |  41.8 |      49 |       3 |   5.8
       D:13 |   10310 |    9604 |  48.2 |      43 |      17 |  28.3
       D:14 |   12176 |    9011 |  42.5 |      43 |      22 |  33.8
       D:15 |    7941 |    3449 |  30.3 |      20 |      14 |  41.2
     Lair:1 |    4733 |       0 |   0.0 |      20 |       0 |   0.0
     Lair:2 |    1589 |    2292 |  59.1 |       8 |       5 |  38.5
     Lair:3 |    7220 |    2193 |  23.3 |      35 |       1 |   2.8
     Lair:4 |    6719 |       0 |   0.0 |      25 |       0 |   0.0
     Lair:5 |    4197 |    9126 |  68.5 |      16 |      18 |  52.9
     Lair:6 |   10478 |   10020 |  48.9 |      33 |      48 |  59.3
      Orc:1 |    2936 |       0 |   0.0 |      32 |       0 |   0.0
      Orc:2 |    2799 |    7704 |  73.4 |      33 |      36 |  52.2
      Elf:1 |     973 |    2152 |  68.9 |       2 |       4 |  66.7
      Sewer |       0 |     224 | 100.0 |       0 |      24 | 100.0
   Gauntlet |       0 |    4017 | 100.0 |       0 |      13 | 100.0
            +---------+---------+-------+---------+---------+-------
